 Dungeon Crawl Stone Soup version 0.30-a0-652-gcc886f7154 (webtiles) character file.

Game seed: 16744890582546701397

696347 avis the Slayer (level 26, -11/221 HPs)
             Began as a Demigod Hunter on Jan 12, 2023.
             Killed from afar by Lom Lobon (12 damage)
             ... with a vortex
             ... in Pandemonium on Jan 18, 2023.
             The game lasted 14:04:55 (89485 turns).

avis the Slayer (Demigod Hunter)                   Turns: 89485, Time: 14:04:56

Health: -11/221    AC: 30    Str: 16    XL:     26   Next: 53%
Magic:  28/47      EV: 58    Int: 30    God:
Gold:   3822       SH:  0    Dex: 54    Spells: 28/53 levels left

rFire   + + .      SeeInvis .    w - +10 zealot's sword {holy, Zealotry, *Rage rN+ EV+3}
rCold   + . .      Faith    .    (no shield)
rNeg    + + .      Spirit   .    F - +3 faerie dragon scales {Rampage rF+ rCorr Int+6}
rPois   +          Reflect  .    d - +1 helmet of Wisdom {Int+4 Stlth+}
rElec   +          Harm     .    W - +2 cloak {rCorr}
rCorr   +          Rampage  +    r - +2 pair of gloves {infuse}
Will    ++...      Rage     20%  p - +2 pair of boots of the Parsimonious God {Int+9}
Stlth   ++++++                   X - amulet of regeneration
HPRegen 1.36/turn                T - ring of Intercession {Fly rElec rPois rN+ Stlth-}
MPRegen 0.30/turn                R - ring "Qoskyown" {AC+4 Str+4 Dex+7}

@: resistant, on berserk cooldown, flying, slowed, very slow
A: high MP 1, forlorn, divine attributes, clumsy 1, frail 1
}: 5/15 runes: decaying, serpentine, silver, abyssal, demonic
a: no special abilities


You were in Pandemonium.
You visited 10 branches of the dungeon, and saw 46 of its levels.
You visited Pandemonium 3 times, and saw 8 of its levels.
You visited the Abyss 4 times.
You also visited: Trove, Sewer, Ossuary, Bailey, Gauntlet, Ice Cave and Volcano.

You collected 9870 gold pieces.
You spent 6048 gold pieces at shops.

Inventory:

Hand Weapons
 a - a +9 heavy demon blade
 b - the +7 arbalest of Fedhas's Condemnation {penet, +Blink Will- Int+2 Dex+6}
   (You bought it in a shop on level 4 of the Snake Pit)

   Int:       It affects your intelligence (+2).
   Dex:       It affects your dexterity (+6).
   +Blink:    It lets you blink.
   Will:      It decreases your willpower.
 w - the +10 zealot's sword (weapon) {holy, Zealotry, *Rage rN+ EV+3}
   (You bought it in a shop on level 2 of the Depths)

   Zealotry:  Whenever the wielder enters a berserk rage, their allies are
   berserked alongside them.
   EV:        It affects your evasion (+3).
   rN:        It protects you from negative energy.
   *Rage:     It berserks you when you make melee attacks (+20% chance).
Missiles
 L - 2 curare-tipped darts
Armour
 d - the +1 helmet of Wisdom (worn) {Int+4 Stlth+}
   (You found it in a Gauntlet)

   Int:       It affects your intelligence (+4).
   Stlth:     It makes you more stealthy.
 p - the +2 pair of boots of the Parsimonious God (worn) {Int+9}
   (You found it in a Gauntlet)

   Int:       It affects your intelligence (+9).
 r - a +2 pair of gloves of infusion (worn)
 F - the +3 faerie dragon scales (worn) {Rampage rF+ rCorr Int+6}
   (You took it off the Enchantress on level 1 of the Depths)

   Int:       It affects your intelligence (+6).
   rF:        It protects you from fire.
   rCorr:     It protects you from acid and corrosion.
   Rampage:   It bestows one free step when moving towards enemies.
 J - a +1 robe of willpower
 P - a +0 kite shield
 W - a +2 cloak of preservation (worn)
 Y - the +4 ring mail of the Devil's Advocate {Str+9 Slay-4 SInv}
   (You found it in Pandemonium)

   Str:       It affects your strength (+9).
   Slay:      It affects your accuracy & damage with ranged weapons and melee
   (-4).
   SInv:      It lets you see invisible.
 Z - a scarf of invisibility
Jewellery
 c - the ring of Ecyorch {rC++ Str+6}
   (You took it off a naga warrior on level 4 of the Snake Pit)

   [ring of strength]

   Str:       It affects your strength (+6).
   rC:        It greatly protects you from cold.
 Q - a +6 ring of dexterity
 R - the ring "Qoskyown" (right hand) {AC+4 Str+4 Dex+7}
   (You took it off a deep elf death mage on level 3 of the Elven Halls)

   [ring of protection]

   AC:        It affects your AC (+4).
   Str:       It affects your strength (+4).
   Dex:       It affects your dexterity (+7).
 T - the ring of Intercession (left hand) {Fly rElec rPois rN+ Stlth-}
   (You found it on level 3 of the Crypt)

   [ring of positive energy]

   rElec:     It insulates you from electricity.
   rPois:     It protects you from poison.
   rN:        It protects you from negative energy.
   Fly:       It grants you flight.
   Stlth:     It makes you less stealthy.
 X - an amulet of regeneration (around neck)
Wands
 m - a wand of polymorph (45)
 t - a wand of charming (37)
 v - a wand of light (54)
 z - a wand of mindburst (23)
 I - a wand of iceblast (43)
 O - a wand of digging (34)
 V - a wand of flame (91)
Scrolls
 e - a scroll of silence
 j - 4 scrolls of identify
 k - a scroll of immolation
 s - 7 scrolls of magic mapping
 x - a scroll of amnesia
 G - 4 scrolls of butterflies
 H - 10 scrolls of blinking
 M - 12 scrolls of fog
 N - 32 scrolls of teleportation
 S - 9 scrolls of fear
 U - a scroll of enchant weapon
Potions
 f - 9 potions of curing
 g - 12 potions of cancellation
 h - a potion of heal wounds
 i - 19 potions of brilliance
 l - 11 potions of ambrosia
 n - 2 potions of invisibility
 o - 5 potions of resistance
 q - a potion of berserk rage
 u - 10 potions of flight
 D - 4 potions of haste
 E - 6 potions of might
 K - 6 potions of magic
Miscellaneous
 y - a piece from Xom's chessboard (15/15)
 A - a phantom mirror
 B - a lightning rod (4/4)
 C - a phial of floods


   Skills:
 - Level 22.0 Fighting
 - Level 14.0 Long Blades
 - Level 18.0 Ranged Weapons
 - Level 15.0 Armour
 - Level 22.0 Dodging
 - Level 7.0 Stealth
 - Level 5.0 Shields
 * Level 14.1 Spellcasting
 - Level 3.0 Hexes
 - Level 16.0 Translocations
 - Level 5.0 Transmutations
 - Level 10.0 Ice Magic
 - Level 2.0 Earth Magic
 - Level 10.0 Evocations


You had 28 spell levels left.
You knew the following spells:

 Your Spells              Type           Power      Damage    Failure   Level
b - Blink                 Tloc           100%       N/A       0%          2
c - Passwall              Tmut/Erth      35%        N/A       1%          2
e - Wereblood             Tmut           50%        N/A       1%          2
m - Manifold Assault      Tloc           87%        N/A       1%          4
o - Ozocubu's Armour      Ice            69%        N/A       1%          3
p - Portal Projectile     Hex/Tloc       100%       N/A       1%          3
t - Teleport Other        Tloc           87%        N/A       0%          3
D - Dispersal             Tloc           43%        N/A       1%          6

Your spell library contained the following spells:

 Spells                   Type           Power      Damage    Failure   Level
 Lesser Beckoning         Tloc           100%       N/A       0%          2
 Gell's Gravitas          Tloc           87%        N/A       0%          3
 Beastly Appendage        Tmut           100%       N/A       1%          1
 Sandblast                Erth           66%        2d15      1%          1
 Sting                    Tmut/Pois      100%       1d8       1%          1
 Momentum Strike          Conj/Tloc      100%       3d10      1%          2
 Hailstorm                Conj/Ice       50%        3d11      1%          3
 Ice Form                 Ice/Tmut       60%        N/A       1%          4
 Iskenderun's Mystic Bla  Conj/Tloc      62%        2d13      1%          4
 Passage of Golubria      Tloc           87%        N/A       1%          4
 Kiss of Death            Conj/Necr      84%        2d11      2%          1
 Necrotise                Necr           84%        1d8       2%          1
 Summon Small Mammal      Summ           84%        N/A       2%          1
 Confusing Touch          Hex            39%        N/A       2%          3
 Tukima's Dance           Hex            39%        N/A       2%          3
 Spider Form              Tmut/Pois      36%        N/A       3%          3
 Summon Ice Beast         Ice/Summ       50%        N/A       3%          4
 Cigotuvi's Dreadful Rot  Necr/Pois/Air  42%        N/A       4%          2
 Poisonous Vapours        Pois/Air       42%        N/A       4%          2
 Scorch                   Fire           42%        2d7       4%          2
 Sublimation of Blood     Necr           21%        N/A       4%          2
 Dazzling Flash           Conj/Hex       60%        N/A       4%          3
 Summon Guardian Golem    Hex/Summ       30%        N/A       4%          3
 Stone Arrow              Conj/Erth      54%        3d10      5%          3
 Metabolic Englaciation   Hex/Ice        28%        N/A       5%          5
 Petrify                  Tmut/Erth      42%        N/A       7%          4
 Call Canine Familiar     Summ           21%        N/A       9%          3
 Mephitic Cloud           Conj/Pois/Air  21%        N/A       9%          3
 Vampiric Draining        Necr           21%        2d7       9%          3
 Leda's Liquefaction      Hex/Erth       18%        N/A       10%         4
 Blade Hands              Tmut           25%        N/A       10%         5
 Anguish                  Hex/Necr       15%        N/A       16%         4
 Yara's Violent Unravell  Hex/Tmut       22%        3d10      16%         5
 Airstrike                Air            10%        2d(2-18)  28%         4
 Animate Dead             Necr           21%        N/A       28%         4
 Dispel Undead            Necr           21%        3d11      28%         4
 Flame Wave               Conj/Fire      21%        2d8       28%         4
 Summon Lightning Spire   Summ/Air       21%        N/A       28%         4
 Alistair's Intoxication  Tmut/Pois      24%        N/A       28%         5
 Irradiate                Conj/Tmut      18%        3d17      28%         5
 Ozocubu's Refrigeration  Ice            34%        4d15      36%         7
 Silence                  Hex/Air        15%        N/A       38%         5
 Summon Mana Viper        Hex/Summ       30%        N/A       38%         5
 Borgnjor's Vile Clutch   Necr/Erth      13%        N/A       45%         5
 Simulacrum               Ice/Necr       25%        N/A       50%         6
 Agony                    Necr           21%        N/A       61%         5
 Iskenderun's Battlesphe  Conj           21%        2d7       61%         5
 Lightning Bolt           Conj/Air       10%        1d23      61%         5
 Statue Form              Tmut/Erth      28%        N/A       71%         6
 Eringya's Noxious Bog    Tmut/Pois      18%        N/A       83%         6
 Iron Shot                Conj/Erth      13%        9d3       96%         6
 Dragon Form              Tmut           25%        N/A       97%         7
 Death Channel            Necr           10%        N/A       99%         6
 Starburst                Conj/Fire      10%        6d5       99%         6
 Summon Cactus Giant      Summ           10%        N/A       99%         6
 Enfeeble                 Hex            19%        N/A       100%        7
 Haunt                    Necr/Summ      10%        N/A       100%        7
 Monstrous Menagerie      Summ           10%        N/A       100%        7
 Spellforged Servitor     Conj/Summ      10%        N/A       100%        7
 Storm Form               Tmut/Air       18%        N/A       100%        7
 Summon Hydra             Summ           10%        N/A       100%        7
 Borgnjor's Revivificati  Necr           10%        N/A       100%        8
 Discord                  Hex            19%        N/A       100%        8
 Infestation              Necr           10%        N/A       100%        8
 Lehudib's Crystal Spear  Conj/Erth      13%        10d5      100%        8
 Death's Door             Necr           10%        N/A       100%        9


Dungeon Overview and Level Annotations

Branches:
Dungeon (15/15)            Temple (1/1) D:6            Lair (5/5) D:11
  Swamp (4/4) Lair:3        Snake (4/4) Lair:3        Slime (0/5) Lair:4
    Orc (2/2) D:10            Elf (3/3) Orc:2        Vaults (5/5) D:14
  Crypt (3/3) Vaults:2       Tomb (0/3) Crypt:3      Depths (4/4) D:15
    Zot (0/5) Depths:4      Sewer (visited)         Ossuary (visited)
 Bailey (visited)           IceCv (visited)         Volcano (visited)
Gauntlet (visited)

Shops:
D:2 :   D:9 (   D:10 !   D:12 !   Orc:1 ?   Orc:2 ([*=   Elf:3 *   Snake:4 (
Depths:1 :==   Depths:2 ?(=[   Depths:3 *

Portals:
Hell: Depths:1 Depths:2 Depths:3 Depths:4
Abyss: Depths:1 Depths:3
Pandemonium: Depths:2 Depths:3
Ziggurat: Depths:4

Annotations:
Pan Lom Lobon


Innate Abilities, Weirdness & Mutations

You have an increased reservoir of magic. (+10% MP)
You shall have no god before yourself.
Your divine heritage dramatically boosts your attributes as you level up.
You are clumsy. (Dex -2)
You are frail. (-10% HP)


Message History

Lom Lobon completely resists.
The blast of lightning engulfs the ball lightning.
The ball lightning completely resists.
Lom Lobon screams, "Face thy requiem, thou bawdy clapper-clawed bum-bailey!"
You barely miss Lom Lobon.
Lom Lobon is severely wounded.
The ball lightning explodes!
The blast of lightning engulfs you!! You resist.
* * * LOW HITPOINT WARNING * * *
The blast of lightning engulfs Lom Lobon.
Lom Lobon completely resists.
You closely miss Lom Lobon.
Lom Lobon is severely wounded.
Lom Lobon gestures.
Lom Lobon blinks!
You are too berserk!
You are too berserk!
Your icy armour will break if you move.
Continue? [Y]es or [N]o only, please.
Your icy armour will break if you move.
Continue?
Okay, then.
You are too berserk!
You are too berserk!
You are too berserk!
Your icy armour will break if you move.
Continue?
Your icy armour cracks and falls away as you move.
Lom Lobon gestures.
A freezing vortex appears around Lom Lobon!
You feel a strong urge to attack something.
* * * LOW HITPOINT WARNING * * *
* * * LOW HITPOINT WARNING * * *
You feel your anger nearly subside.
You are no longer berserk.
You are exhausted.
You feel yourself slow down.
* * * LOW HITPOINT WARNING * * *
Magic courses through your body.
You are engulfed in freezing vapours.
You resist.
* * * LOW HITPOINT WARNING * * *
x2 You die...

.≈≈#~~~#...#≈≈°☼#.#~~~~#,.,*~~~#≈
.≈≈#~~~*#.'#§§§○#.#~~~≈#'.**~~~#≈
.≈≈#~≈≈≈###§§§§##§##~≈≈.##*~~~~#≈
.≈≈##≈≈≈≈≈§°○§##§§§##≈.≈≈≈~~~~##≈
..≈≈##≈≈≈≈≈§§§°&§§§§§.≈≈≈≈~~~##≈≈
...≈≈##≈≈≈≈≈#°°§§§§§☼.#≈≈~~~##≈≈.
#...≈≈##≈≈≈##§§○§§§§§☼##~~~##≈≈..
##.....#####§§§§§○§§§..#***#.....
≈#.....#...§§§§§@§§§☼☼....,#.....
##.....#####°☼§§○§§§°..###*#.....
#...≈≈##~~~##.§°○.☼☼○°##~~~##≈≈..
...≈≈##~~~~~#○○☼°....○#~~~~~##≈≈.
..≈≈##~~~~~≈≈.......°.≈≈~~~~~##≈≈
.≈≈##~~~~~≈≈.≈##...##≈.≈≈~~~~~##≈
.≈≈#~~~~*##.≈≈~##.##~≈≈.#**~~~~#≈
.≈≈#~~~**,'#≈≈~~*.#~~~≈#+,**~~~#≈
.≈≈#~~~*,,,*~~~~*,*~~~~*,,,*~~~#≈


You could see Lom Lobon (vortex).

Vanquished Creatures
  4 dread liches
  2 ancient liches
  Mennas (Crypt:1)
  A juggernaut (Depths:3)
  Sojobo (Crypt:3)
  Vv (Crypt:1)
  Margery (Crypt:3)
  A caustic shrike (Depths:3)
  Nikola (Vaults:2)
  Jory (Vaults:4)
  3 golden dragons
  the Enchantress (Depths:1)
  2 bone dragons (Crypt:3)
  7 pandemonium lords (Pan)
  A hellephant (Pan)
  6 Tzitzimimeh (Pan)
  7 Brimstone Fiends (Pan)
  5 tentacled monstrosities
  5 Hell Sentinels (Pan)
  4 Ice Fiends (Pan)
  A walking earthen tome (Depths:4)
  4 titans
  5 liches
  A shard shrike skeleton (Crypt:3)
  3 deep elf blademasters
  2 deep elf master archers (Elf:3)
  8 Executioners
  5 sphinxes
  Frances (Swamp:1)
  4 quicksilver dragons
  A tentacled starspawn (Abyss:3)
  5 ancient champions
  11 tengu reavers
  4 storm dragons
  10 shadow dragons
  Donald (Vaults:3)
  The ghost of Xocounua the Stormcaller, an adept OpAE of Gozag (Elf:3)
  The ghost of wormed the Alchemist, an adept OpTm of Gozag (Snake:4)
  A revenant (Crypt:1)
  5 nagarajas
  Roxanne (Swamp:1)
  4 demonspawn warmongers (Pan)
  A draconian knight (Abyss:3)
  12 fire giants
  10 frost giants
  An iron dragon (Depths:3)
  14 vault wardens
  11 balrugs (Pan)
  5 deep elf sorcerers
  A draconian stormcaller (Depths:4)
  2 curse skulls (Crypt:2)
  An angel (Abyss:3)
  2 draconian annihilators (Pan)
  4 deep elf elementalists
  2 war gargoyles
  A frost giant (shapeshifter) (Vaults:5)
  A juggernaut zombie (Crypt:3)
  19 stone giants
  7 spriggan defenders
  12 cacodemons
  An orc warlord (Orc:2)
  9 ghouls
  A draconian shifter (Depths:4)
  4 caustic shrike skeletons (Crypt:3)
  6 reapers (Pan)
  6 demonspawn blood saints (Pan)
  18 ironbound preservers
  10 demonspawn corrupters (Pan)
  14 vampire knights
  A black draconian (Depths:4)
  13 deep elf demonologists
  27 very ugly things
  6 ironbound thunderhulks
  4 demonspawn black suns (Pan)
  7 lorocyprocas (Pan)
  An eleionoma (shapeshifter) (Vaults:5)
  A green draconian (Depths:4)
  A minotaur (shapeshifter) (D:15)
  3 eleionomae
  The ghost of wormed the Cruncher, a journeyman GnWn of Cheibriados (Lair:3)
  4 white draconians (Depths:4)
  A yellow draconian (Depths:4)
  A minotaur (Gauntlet)
  5 spark wasps
  5 bunyips
  6 deep elf annihilators
  10 dire elephants
  12 ettins
  14 green deaths
  7 eidola
  An ettin (shapeshifter) (Vaults:5)
  11 deep elf death magi
  A mummy priest (Pan)
  15 blizzard demons (Pan)
  A crystal guardian (Vaults:1)
  4 jiangshi (Crypt:2)
  9 fire dragons
  3 shambling mangroves (Swamp:4)
  8 deep elf high priests
  A merfolk javelineer (Depths:3)
  Josephine (D:13)
  A spriggan zombie (D:15)
  6 great orbs of eyes
  8 yaktaur captains
  3 entropy weavers
  7 ice dragons
  10 rakshasas
  A peacekeeper (Vaults:1)
  5 spriggan air magi
  36 vault guards
  A fenstrider witch zombie (Crypt:1)
  2 catoblepae
  A caustic shrike simulacrum (IceCv)
  3 salamander tyrants
  4 ogre magi
  Erolcha (D:13)
  A quicksilver dragon skeleton (Crypt:3)
  17 centaur warriors
  3 ghost crabs
  7 anacondas
  18 hydras
  8 ironbound frosthearts
  6 hell beasts (Pan)
  27 dancing weapons
  A two-headed ogre (shapeshifter) (Vaults:5)
  6 boulder beetles
  13 alligators
  20 naga warriors
  9 death yaks
  2 two-headed ogres (D:9)
  9 tengu warriors
  2 spriggan berserkers (Depths:2)
  9 deep troll shamans
  12 naga sharpshooters
  3 orc high priests
  2 thrashing horrors (Abyss:3)
  8 deep troll earth magi
  Sonja (Orc:1)
  10 shock serpents
  8 vampire magi
  44 soul eaters (Pan)
  20 hell knights
  20 deep elf knights
  A wretched star (Abyss:3)
  5 titan skeletons
  17 sixfirhies
  4 iron trolls
  A fire crab (Volcano)
  A golden dragon zombie (Crypt:2)
  43 sun demons (Pan)
  8 salamander mystics
  The ghost of Iich the Cleaver, a novice DsBe of Gozag (D:5)
  14 swamp dragons
  5 goliath frogs
  2 shadow wraiths (Crypt:2)
  38 skeletal warriors
  3 spriggan druids (Swamp:2)
  12 glowing orange brains
  A storm dragon skeleton (D:15)
  A death drake (Gauntlet)
  5 flayed ghosts
  27 shadow demons (Pan)
  14 wizards
  8 naga ritualists
  68 deep trolls
  5 harpies
  13 bog bodies
  3 tengu zombies
  A shadow dragon zombie (Crypt:2)
  A sphinx zombie (Vaults:2)
  22 ironbound convokers
  Pikel (D:7)
  10 deep elf archers
  2 orange crystal statues (IceCv)
  13 lindwurms
  12 necromancers
  2 starcursed masses (Abyss:3)
  19 mana vipers
  25 deep elf pyromancers
  13 phantasmal warriors
  A mana viper (shapeshifter) (Depths:2)
  3 orc knights
  27 salamanders
  20 deep elf zephyrmancers
  51 ugly things
  2 shining eyes (Abyss:3)
  7 orc sorcerers
  2 anaconda skeletons (Crypt:3)
  A tengu skeleton (D:15)
  3 cyclopes
  A sphinx skeleton (Vaults:2)
  3 will-o-the-wisps
  A manticore (shapeshifter) (Vaults:5)
  3 manticores
  3 stone giant skeletons
  An elephant (shapeshifter) (Vaults:5)
  17 elephants
  2 apocalypse crabs (Abyss:3)
  A naga zombie (Crypt:2)
  2 moths of wrath (Snake:4)
  A water nymph (shapeshifter) (Vaults:5)
  14 naga magi
  6 centaur zombies
  8 demonic crawlers (Pan)
  A dire elephant zombie (Crypt:2)
  2 rust devils
  31 black mambas
  2 ice statues (D:15)
  22 vault sentinels
  45 smoke demons
  3 guardian serpents
  2 molten gargoyles (Volcano)
  18 hellions (Pan)
  13 orange demons
  8 cane toads
  A yaktaur zombie (Vaults:3)
  A death yak zombie (Crypt:3)
  2 centaur skeletons (Crypt:3)
  A kobold demonologist (D:12)
  3 dire elephant skeletons
  4 efreet
  3 human zombies
  An unseen horror zombie (Crypt:1)
  2 unseen horrors
  An unseen horror (shapeshifter) (Vaults:5)
  6 freezing wraiths
  A black draconian zombie (Crypt:2)
  An orb spider zombie (Crypt:2)
  An alligator snapping turtle skeleton (Crypt:1)
  3 rime drakes
  6 komodo dragons
  23 yaktaurs
  A purple draconian zombie (Crypt:1)
  7 tengu conjurers
  A naga skeleton (Crypt:3)
  An ice devil (Depths:3)
  3 tormentors (Pan)
  A guardian mummy (Crypt:2)
  2 harpy zombies
  2 red devils
  3 yaktaur skeletons (Vaults:2)
  A sea snake skeleton (Crypt:3)
  6 meliai
  4 trolls
  A death drake zombie (Crypt:1)
  2 golden dragon simulacra (IceCv)
  2 bloated husks
  13 hornets
  3 polar bears
  3 tyrant leeches
  16 hellwings
  Prince Ribbit (Bailey)
  A hydra skeleton (Crypt:3)
  2 spectral guardian serpents (Crypt:3)
  A wind drake (shapeshifter) (Vaults:5)
  A death drake skeleton (Crypt:2)
  11 dream sheep (Lair:5)
  3 human skeletons (Vaults:2)
  A great orb of eyes zombie (Crypt:2)
  3 harpy skeletons (Crypt:3)
  A stone giant simulacrum (Vaults:2)
  A fire giant simulacrum (Vaults:3)
  21 blink frogs
  A meliai zombie (D:11)
  16 small abominations (Abyss:3)
  4 air elementals
  51 slime creatures
  A spriggan (shapeshifter) (Vaults:5)
  2 vampires
  2 ettin skeletons
  19 spriggans
  A spriggan skeleton (D:15)
  3 shadows
  A slime creature (shapeshifter) (Depths:2)
  A black mamba zombie (Crypt:3)
  A jumping spider (shapeshifter) (Vaults:5)
  20 flying skulls
  4 dire elephant simulacra (IceCv)
  3 basilisks
  45 yaks
  27 ynoxinuls
  17 wraiths
  3 fire elementals
  8 water elementals
  2 wyverns
  3 steam dragons
  57 large abominations
  13 fire bats
  4 golden eyes (Abyss:3)
  A steam dragon (shapeshifter) (Vaults:4)
  22 chaos spawn
  11 neqoxecs
  10 humans
  A yaktaur simulacrum (Vaults:3)
  13 vampire mosquitoes
  2 elf skeletons
  14 swamp worms
  A redback simulacrum (D:14)
  40 nagas
  6 harpy simulacra
  4 wargs
  A faun zombie (Crypt:3)
  3 acid dragons
  A glowing shapeshifter zombie (Vaults:3)
  A hydra simulacrum (IceCv)
  15 water moccasins
  2 glowing shapeshifter skeletons (Vaults:2)
  A floating eye (Depths:2)
  A hell hound (Volcano)
  A spectral hornet (Gauntlet)
  2 ettin simulacra
  6 swamp drakes
  A sky beast (D:5)
  4 ice beasts
  An alligator simulacrum (IceCv)
  6 black bears
  39 orc warriors
  A boggart (Lair:3)
  2 centaurs
  4 ogres
  4 phantoms
  32 wolves
  A dream sheep skeleton (Crypt:2)
  A hog skeleton (Crypt:1)
  3 earth elementals
  18 bullfrogs
  4 kobold brigands
  3 necrophages
  2 gnoll sergeants
  3 scorpions
  17 wights
  A troll zombie (D:10)
  35 killer bees
  An electric eel (Lair:3)
  A yak skeleton (Crypt:3)
  A howler monkey (D:6)
  6 lava snakes (Volcano)
  A black bear zombie (Crypt:1)
  4 hounds (D:5)
  Crazy Yiuf (D:7)
  30 orc priests
  3 gnoll boudas
  A boggart zombie (D:11)
  6 iguanas
  32 orc wizards
  5 hell rats
  5 ogre zombies (D:10)
  A hound skeleton (Crypt:2)
  8 mummies (Ossuary)
  19 gnolls
  4 adders
  2 shadow imps
  5 white imps
  An ufetubus (D:5)
  4 worms
  3 dart slugs
  128 orcs
  9 ball pythons
  A bat skeleton (Crypt:1)
  7 endoplasms
  5 giant cockroaches
  A gnoll zombie (Crypt:1)
  8 goblins
  11 hobgoblins
  8 jackals
  27 kobolds
  3 quokkas
  3 training dummies (Snake:4)
  9 bats
  5 frilled lizards
  A frilled lizard skeleton (Crypt:2)
  A goblin skeleton (D:10)
  5 goblin zombies (D:10)
  2 hobgoblin skeletons
  3 hobgoblin zombies
  2 kobold zombies (Ossuary)
  An orc skeleton (D:10)
  15 orc zombies
  8 rats
  3 ball lightnings (Pan)
  A starspawn tentacle (Abyss:3)
2857 creatures vanquished.

Vanquished Creatures (others)
  A demonspawn corrupter (Pan)
  A spriggan air mage (Depths:4)
  A goliath frog (Swamp:2)
  3 wizards (Pan)
  An ugly thing (Vaults:4)
  An orange demon (Pan)
  2 smoke demons (Pan)
  A bloated husk (Swamp:2)
  A spriggan (Swamp:2)
  A floating eye (Depths:3)
  A swamp drake (Swamp:4)
  An orc (Vaults:5)
  6 ball lightnings (Pan)
  2 foxfires (Swamp:1)
  44 fungi
  49 plants
  3 starspawn tentacles (Abyss:3)
  14 withered plants
133 creatures vanquished.

Grand Total: 2990 creatures vanquished

Notes
Turn   | Place    | Note
-------+----------+-------------------------------------------
     0 | D:1      | avis the Demigod Hunter began the quest for the Orb.
     0 | D:1      | Reached XP level 1. HP: 17/17 MP: 3/3
   296 | D:1      | Reached XP level 2. HP: 24/24 MP: 4/4
   317 | D:1      | Reached skill level 1 in Stealth
   767 | D:2      | Found Xeogacixt's Book Shop.
   897 | D:2      | Reached XP level 3. HP: 29/29 MP: 5/5
  1701 | D:3      | Reached XP level 4. HP: 38/38 MP: 6/6
  1928 | D:3      | Identified the +0 leather armour "Zuungas" {rPois Will+
                  | Regen+}
  2390 | D:4      | Reached skill level 5 in Ranged Weapons
  2390 | D:4      | Reached XP level 5. HP: 45/45 MP: 7/7
  2909 | D:4      | Reached XP level 6. HP: 51/51 MP: 8/8
  3112 | D:5      | Entered Level 5 of the Dungeon
  3407 | D:5      | Reached skill level 5 in Dodging
  3407 | D:5      | Reached XP level 7. HP: 49/57 MP: 9/9
  4084 | D:6      | Found a glowing drain.
  4094 | Sewer    | Entered a sewer
  4321 | Sewer    | Reached XP level 8. HP: 46/66 MP: 10/10
  4325 | Sewer    | Identified the +1 pair of boots of the Wasteland {rC- MP+9
                  | Str+3}
  4374 | D:6      | Found a staircase to the Ecumenical Temple.
  4385 | D:6      | Found a sand-covered staircase.
  4392 | Ossuary  | Entered an ossuary
  4887 | D:6      | Found a large runed translucent door.
  4887 | D:6      | Found a large runed translucent door.
  5296 | Temple   | Entered the Ecumenical Temple
  5296 | Temple   | Found a transporter.
  5296 | Temple   | Found a transporter.
  5298 | Temple   | Found a transporter.
  5298 | Temple   | Found a transporter.
  5540 | D:7      | Noticed Pikel
  5561 | D:7      | Killed Pikel
  5750 | D:7      | Reached XP level 9. HP: 65/71 MP: 11/11
  5779 | D:7      | Reached skill level 5 in Fighting
  5899 | D:7      | Noticed an unseen horror
  5905 | D:7      | Killed an unseen horror
  6133 | D:7      | Found a runed translucent door.
  6134 | D:7      | Noticed Crazy Yiuf
  6502 | D:8      | Learned a level 2 spell: Blink
  6570 | D:8      | Reached skill level 10 in Ranged Weapons
  6750 | D:8      | Found a runed translucent door.
  6750 | D:8      | Noticed Iich's ghost (novice DsBe)
  7058 | D:8      | Reached XP level 10. HP: 81/81 MP: 13/13
  8014 | D:9      | Reached skill level 10 in Dodging
  8057 | D:9      | Found a flagged portal.
  8077 | Bailey   | Entered a bailey
  8151 | Bailey   | Noticed a vault guard
  8166 | Bailey   | Killed a vault guard
  8205 | Bailey   | Noticed Prince Ribbit
  8205 | Bailey   | Noticed a vault guard
  8227 | Bailey   | Killed a vault guard
  8231 | Bailey   | Killed Prince Ribbit
  8407 | D:9      | Found Sadufas's Antique Weapon Boutique.
  8721 | D:9      | Noticed a two-headed ogre
  8729 | D:9      | Killed a two-headed ogre
  8817 | D:9      | Noticed a two-headed ogre
  8822 | D:9      | Killed a two-headed ogre
  8823 | D:9      | Reached XP level 11. HP: 89/89 MP: 14/14
  8928 | D:9      | Upgraded the game from 0.30-a0-626-gd6a5dd7a1f to
                  | 0.30-a0-629-gd54f4be4f7
  8969 | D:9      | Bought a runed rapier for 161 gold pieces
  8969 | D:9      | Bought a slimy dagger for 161 gold pieces
  8969 | D:9      | Identified the +6 dagger of Zinypig {freeze, rF+ rC+} (You
                  | bought it in a shop on level 9 of the Dungeon)
  8969 | D:9      | Bought a glowing rapier for 161 gold pieces
  9051 | Temple   | Upgraded the game from 0.30-a0-629-gd54f4be4f7 to
                  | 0.30-a0-632-g346586fe48
  9165 | D:10     | Entered Level 10 of the Dungeon
  9279 | D:10     | Identified the +7 trident of Terra Nullius {speed, rC+
                  | Str+5}
  9342 | D:10     | Identified the +8 chain mail of Filigreed Curiosity {Int+5}
  9499 | D:10     | Found a staircase to the Orcish Mines.
  9836 | D:10     | Found a portal to a secret trove of treasure.
  9940 | D:10     | Found Irahax's Distillery.
  9946 | D:10     | Bought a potion of curing for 30 gold pieces
  9946 | D:10     | Bought a potion of curing for 30 gold pieces
  9946 | D:10     | Bought a potion of curing for 30 gold pieces
 11175 | D:11     | Found a staircase to the Lair.
 11189 | D:11     | Reached skill level 5 in Stealth
 11196 | Lair:1   | Entered Level 1 of the Lair of Beasts
 11211 | D:11     | Reached skill level 1 in Spellcasting
 11274 | Lair:1   | Reached skill level 1 in Translocations
 11838 | Lair:1   | Reached XP level 12. HP: 48/101 MP: 16/16
 12453 | D:5      | Killed Iich's ghost
 12650 | Lair:1   | Reached skill level 1 in Shields
 12706 | Lair:2   | Noticed a six-headed hydra
 12716 | Lair:2   | Killed a six-headed hydra
 13201 | Lair:2   | Noticed a catoblepas
 13364 | Lair:2   | Killed a catoblepas
 14079 | Lair:2   | Learned a level 2 spell: Passwall
 14145 | Lair:2   | Reached skill level 1 in Transmutations
 14154 | Lair:2   | Reached skill level 1 in Earth Magic
 14635 | Lair:3   | Got Sif Muna's Tome of Vicissitude
 14683 | Lair:3   | Found a staircase to the Snake Pit.
 15010 | Lair:3   | Found a runed translucent door.
 15014 | Lair:3   | Identified the +9 trident of Superiority {heavy, *Rage rC+
                  | Will+ Dex+5}
 15014 | Lair:3   | Noticed wormed's ghost (journeyman GnWn)
 15277 | Lair:3   | Found a staircase to the Swamp.
 15496 | Lair:3   | Reached XP level 13. HP: 93/107 MP: 19/19
 16020 | Lair:4   | Found a staircase to the Slime Pits.
 16880 | D:12     | Found Gitomerr's Distillery.
 16884 | D:12     | Bought a potion of curing for 36 gold pieces
 16884 | D:12     | Bought a potion of curing for 36 gold pieces
 16884 | D:12     | Bought 2 potions of heal wounds for 120 gold pieces
 18027 | D:12     | Bought a potion of haste for 120 gold pieces
 18065 | Lair:1   | Upgraded the game from 0.30-a0-632-g346586fe48 to
                  | 0.30-a0-639-g3916f1956a
 18121 | Lair:5   | Entered Level 5 of the Lair of Beasts
 18534 | Lair:5   | Identified the +7 trident of the Grave {flame, Will- Str+6}
 19400 | Lair:5   | Reached skill level 10 in Fighting
 19409 | Lair:5   | Reached skill level 1 in Armour
 19766 | Lair:5   | Reached XP level 14. HP: 104/121 MP: 20/20
 19978 | Lair:5   | Reached skill level 5 in Armour
 20060 | Lair:5   | Reached skill level 5 in Shields
 20191 | Lair:5   | Identified the +4 hand axe "Worm" {holy, Fly rC- Int+4}
 20688 | Swamp:1  | Entered Level 1 of the Swamp
 20895 | Swamp:1  | Identified Roxanne's Quarto of the Gargoyle
 20895 | Swamp:1  | Noticed Roxanne
 20982 | Swamp:1  | Noticed Frances
 21007 | Swamp:1  | Killed Frances
 21328 | Swamp:1  | Killed Roxanne
 21579 | Snake:1  | Entered Level 1 of the Snake Pit
 22116 | Snake:1  | You fall into a shaft and drop 1 floor!
 22447 | Snake:1  | Reached skill level 15 in Dodging
 22587 | Snake:1  | Reached XP level 15. HP: 86/132 MP: 21/21
 23070 | Swamp:2  | Identified the amulet "Zikugod" {Acrobat Will- Str+3 Slay+5
                  | SInv}
 23667 | Swamp:2  | Identified the +5 mace of Annihilation {elec, Int+2}
 24121 | Snake:1  | Learned a level 3 spell: Portal Projectile
 24584 | Snake:2  | Reached skill level 1 in Hexes
 24645 | Snake:2  | Reached skill level 10 in Armour
 25463 | D:7      | Killed Crazy Yiuf
 25630 | Lair:3   | Killed wormed's ghost
 26449 | Swamp:3  | Noticed a tentacled monstrosity
 26460 | Swamp:3  | Killed a tentacled monstrosity
 26974 | D:10     | You paid a toll of 14 potions of curing to enter a treasure
                  | trove
 26975 | Trove    | Entered a treasure trove
 27180 | D:13     | Found a gate leading to a gauntlet.
 27197 | Gauntlet | Entered a Gauntlet
 27197 | Gauntlet | Found a transporter.
 27197 | Gauntlet | Found a transporter.
 27199 | Gauntlet | Found a transporter.
 27199 | Gauntlet | Found a transporter.
 27202 | Gauntlet | Found a transporter.
 27221 | Gauntlet | Found a transporter.
 27226 | Gauntlet | Found a transporter.
 27267 | Gauntlet | Found a transporter.
 27270 | Gauntlet | Found a transporter.
 27270 | Gauntlet | Found a transporter.
 27292 | Gauntlet | Found a transporter.
 27300 | Gauntlet | Found a transporter.
 27301 | Gauntlet | Found the ring of the Mage {Wiz Archmagi}
 27324 | Gauntlet | Found a transporter.
 27328 | Gauntlet | Found a transporter.
 27445 | Gauntlet | Identified the +1 helmet of Wisdom {Int+4 Stlth+}
 27499 | Gauntlet | Identified the +7 short sword of the Heavens {flame,
                  | Fragile rF- rN+++ rCorr}
 27538 | Gauntlet | Identified the +2 pair of boots of the Parsimonious God
                  | {Int+9}
 27778 | Lair:1   | Identified a scroll of acquirement
 27780 | Lair:1   | Acquired a +4 longbow of electrocution
 28057 | Snake:3  | Noticed a nagaraja
 28065 | Snake:3  | Reached XP level 16. HP: 140/141 MP: 24/24
 29505 | Swamp:4  | Entered Level 4 of the Swamp
 30041 | Swamp:4  | Reached skill level 15 in Ranged Weapons
 30394 | Swamp:4  | Got a decaying rune of Zot
 30885 | D:10     | Bought a potion of experience for 500 gold pieces
 30885 | D:10     | Reached XP level 17. HP: 152/152 MP: 25/25
 31058 | Snake:4  | Entered Level 4 of the Snake Pit
 31310 | Snake:4  | Found Fipiacw's Firing Range.
 31617 | Snake:4  | Found a transporter.
 31725 | Snake:4  | Noticed wormed's ghost (adept OpTm)
 31795 | Snake:4  | Identified the ring of Ecyorch {rC++ Str+6}
 31798 | Snake:4  | Found a transporter.
 32594 | Snake:4  | Reached XP level 18. HP: 142/160 MP: 26/26
 32724 | Snake:4  | Got a serpentine rune of Zot
 33001 | Lair:1   | Learned a level 4 spell: Manifold Assault
 33393 | Snake:4  | Killed wormed's ghost
 33844 | Orc:1    | Entered Level 1 of the Orcish Mines
 33868 | Orc:1    | Found Jiytoe Vexe's Magic Scroll Emporium.
 33893 | Orc:1    | Found a dark tunnel.
 33905 | Volcano  | Entered a volcano
 34364 | Orc:1    | Noticed Sonja
 34368 | Orc:1    | Killed Sonja
 35331 | Orc:2    | Entered Level 2 of the Orcish Mines
 35348 | Orc:2    | Found a staircase to the Elven Halls.
 35988 | Orc:2    | Found Uxefik's Jewellery Emporium.
 36529 | Orc:2    | Found Qal Wyck's Antique Weapon Shoppe.
 36531 | Orc:2    | Found Obrutul's Antique Armour Emporium.
 36625 | Orc:2    | Found Lodogadgh's Assorted Antiques.
 36939 | Snake:4  | Bought the +7 arbalest of Fedhas's Condemnation {penet,
                  | +Blink Will- Int+2 Dex+6} for 1164 gold pieces
 37196 | D:13     | Noticed Erolcha
 37201 | D:13     | Killed Erolcha
 37300 | D:13     | Noticed Josephine
 37301 | D:13     | Killed Josephine
 37893 | D:13     | Acquired a manual of Spellcasting
 38526 | D:14     | Found a gate to the Vaults.
 38541 | D:14     | Identified the +0 kite shield "Qoytios" {rPois rF- rCorr}
 38825 | Vaults:1 | Entered Level 1 of the Vaults
 38992 | Vaults:1 | Reached skill level 15 in Fighting
 39043 | Vaults:1 | Reached skill level 5 in Spellcasting
 39313 | Vaults:1 | Reached skill level 1 in Long Blades
 39604 | Vaults:1 | Reached skill level 5 in Long Blades
 39798 | Vaults:1 | Reached XP level 19. HP: 170/170 MP: 31/31
 40220 | Vaults:2 | Identified the +2 pair of gloves "Inemy" {-Cast rC++ Regen+
                  | Dex-2}
 40220 | Vaults:2 | Noticed Nikola
 40297 | Vaults:2 | Killed Nikola
 41117 | Vaults:2 | Reached skill level 10 in Long Blades
 41435 | Vaults:2 | Found a staircase to the Crypt.
 43006 | Vaults:3 | Noticed Donald
 43008 | Vaults:3 | Killed Donald
 45422 | Vaults:4 | Reached XP level 20. HP: 178/178 MP: 32/34
 45746 | Vaults:4 | Found the +5 glaive of the Guard {elec, spectral, AC+5}
 45762 | Vaults:4 | Reached skill level 5 in Translocations
 45944 | Vaults:4 | Noticed Jory
 45959 | Vaults:4 | Killed Jory
 46265 | Vaults:4 | Noticed an ancient lich
 46270 | Vaults:4 | Killed an ancient lich
 47798 | D:15     | Entered Level 15 of the Dungeon
 47856 | D:15     | Found a frozen archway.
 47902 | IceCv    | Entered an ice cave
 48029 | IceCv    | Identified the +9 longbow "Killer Bee's Bane" {heavy, rC+}
 48125 | IceCv    | Identified the amulet of Suicidal Tendencies {Faith Dex+3}
 48339 | D:15     | Found a staircase to the Depths.
 48884 | Depths:1 | Entered Level 1 of the Depths
 49403 | Depths:1 | Reached skill level 10 in Spellcasting
 49545 | Depths:1 | Noticed the Enchantress
 49567 | Depths:1 | Killed the Enchantress
 49582 | Depths:1 | Identified the +8 scale mail of Gluttony {Regen+ Int+4}
 49672 | Depths:1 | Found a one-way gate to the infinite horrors of the Abyss.
 49681 | Depths:1 | Reached XP level 21. HP: 191/191 MP: 40/40
 49697 | Depths:1 | Found a gateway to Hell.
 50304 | Depths:1 | Found Pizumnutz's Jewellery Shoppe.
 50305 | Depths:1 | Found Qele's Book Boutique.
 50306 | Depths:1 | Found Girgh's Jewellery Shoppe.
 50597 | Depths:1 | Bought a book of Winter for 646 gold pieces
 50601 | Depths:1 | Learned a level 3 spell: Ozocubu's Armour
 50673 | Depths:2 | Found Nazix's Weapon Shop.
 50687 | Depths:2 | Reached skill level 1 in Ice Magic
 50761 | Depths:2 | Found Fioseif's Armour Boutique.
 50796 | Depths:2 | Found Nucresa's Jewellery Boutique.
 51453 | Depths:2 | Found Qaumnutu's Magic Scroll Emporium.
 51877 | Depths:2 | Identified the +5 broad axe of the Wary Dances {heavy, rC++
                  | Dex+3 Stlth-}
 51988 | Depths:2 | Got the Precepts of the Star-crossed Adder
 52163 | Depths:2 | Found a one-way gate leading to the halls of Pandemonium.
 53807 | Depths:3 | Noticed a golden dragon
 53813 | Depths:3 | Killed a golden dragon
 54331 | Depths:3 | Noticed a golden dragon
 54338 | Depths:3 | Killed a golden dragon
 54367 | Depths:3 | Noticed a juggernaut
 54378 | Depths:3 | Killed a juggernaut
 54408 | Depths:3 | Identified the ring "Fuirrumi" {rN+ Str+7 Int+3}
 54421 | Depths:3 | Noticed a caustic shrike
 54425 | Depths:3 | Killed a caustic shrike
 54428 | Depths:3 | Reached XP level 22. HP: 205/205 MP: 34/43
 55198 | Depths:3 | Found Xoisch Ythu's Serpentskin Sales.
 55536 | Elf:1    | Entered Level 1 of the Elven Halls
 56439 | Depths:2 | Bought the +10 zealot's sword {holy, Zealotry, *Rage rN+
                  | EV+3} for 1897 gold pieces
 56439 | Depths:2 | Found the +10 zealot's sword {holy, Zealotry, *Rage rN+
                  | EV+3}
 56844 | Vaults:5 | Entered Level 5 of the Vaults
 57094 | Vaults:5 | Noticed a dread lich
 57235 | Vaults:5 | Noticed a dread lich
 57240 | Vaults:4 | Killed a dread lich
 57285 | Vaults:5 | Killed a dread lich
 57549 | Vaults:5 | Noticed a dread lich
 57561 | Vaults:5 | Killed a dread lich
 57756 | Vaults:4 | Reached skill level 10 in Translocations
 58419 | Vaults:5 | Reached XP level 23. HP: 215/215 MP: 8/44
 58422 | Vaults:5 | Identified the ring "Urra" {+Blink rPois}
 59786 | Vaults:5 | Identified the +1 chain mail of the Guardian {rElec rPois}
 59797 | Vaults:5 | Identified the +10 plate armour "Jymoolomm" {rF+}
 59989 | Vaults:5 | Identified the +4 sling of Ongiu {heavy, Dex+4}
 60716 | Abyss:3  | Cast into level 3 of the Abyss (a deep elf demonologist)
 60924 | Abyss:3  | Gained mutation: You are frail. (-10% HP) [a shining eye]
 60933 | Abyss:3  | Gained mutation: You are clumsy. (Dex -2) [a shining eye]
 60995 | Abyss:3  | Got an abyssal rune of Zot
 61016 | Vaults:5 | Escaped the Abyss
 61139 | Vaults:5 | Got a silver rune of Zot
 62141 | Vaults:5 | Got the Compendium of Alteration and Exhalation
 65033 | Elf:2    | Reached skill level 1 in Evocations
 65038 | Elf:2    | Found a runed translucent gate.
 65038 | Elf:2    | Found a runed translucent gate.
 65038 | Elf:2    | Found a runed translucent gate.
 65624 | Elf:2    | Reached skill level 5 in Evocations
 66191 | Elf:3    | Entered Level 3 of the Elven Halls
 66371 | Elf:3    | Found a runed translucent gate.
 66371 | Elf:3    | Found a runed translucent gate.
 66371 | Elf:3    | Found a runed translucent gate.
 66372 | Elf:3    | Noticed Xocounua's ghost (adept OpAE)
 66388 | Elf:3    | Killed Xocounua's ghost
 66801 | Elf:3    | Found Vokhinou's CLEARANCE SALE!.
 67090 | Elf:3    | Identified the ring "Qoskyown" {AC+4 Str+4 Dex+7}
 67189 | Elf:3    | Identified the ring "Memote Rydo" {Fly rC- rCorr Str+4
                  | SInv}
 67710 | Abyss:3  | Cast into level 3 of the Abyss (a deep elf demonologist)
 67747 | Elf:3    | Escaped the Abyss
 67763 | Elf:3    | Identified the +1 demon whip of Dissatisfaction {heavy,
                  | Int+2}
 68103 | Elf:3    | Found the +3 crown of Dyrovepreva {rElec Int+2 SInv}
 69091 | Lair:1   | Learned a level 2 spell: Wereblood
 69095 | Lair:1   | Learned a level 3 spell: Teleport Other
 69102 | Lair:1   | Learned a level 6 spell: Dispersal
 69441 | Orc:2    | Bought a pair of runed boots for 142 gold pieces
 69441 | Orc:2    | Bought an embroidered robe for 70 gold pieces
 69659 | Depths:4 | Entered Level 4 of the Depths
 69936 | Depths:4 | Found a one-way gateway to a ziggurat.
 69941 | Depths:4 | Identified the +4 dagger of Hatred {heavy, rC+ Will+ rCorr
                  | Int-2}
 70255 | Depths:4 | Found a gate to the Realm of Zot.
 70290 | Depths:4 | Reached skill level 5 in Ice Magic
 70351 | Depths:4 | Identified the +10 flail "Sade" {freeze, SInv}
 70620 | Depths:4 | Reached XP level 24. HP: 201/201 MP: 46/47
 71239 | Orc:1    | Bought a scroll of brand weapon for 104 gold pieces
 71239 | Orc:1    | Bought a scroll of enchant weapon for 82 gold pieces
 71521 | Crypt:1  | Entered Level 1 of the Crypt
 71583 | Crypt:1  | Paralysed by a vampire knight for 5 turns
 71943 | Crypt:1  | Noticed Vv
 71957 | Crypt:1  | Killed Vv
 72418 | Crypt:1  | Noticed Mennas
 72436 | Crypt:1  | Killed Mennas
 73952 | Crypt:3  | Entered Level 3 of the Crypt
 74187 | Crypt:3  | Noticed Margery
 74191 | Crypt:3  | Killed Margery
 74448 | Crypt:3  | Noticed Sojobo
 74518 | Crypt:3  | Killed Sojobo
 74751 | Crypt:3  | Noticed an ancient lich
 74755 | Crypt:3  | Killed an ancient lich
 74889 | Crypt:3  | Identified the +6 trident of Tension {speed, rPois Str-5
                  | Dex+2}
 74891 | Crypt:3  | Identified the +3 leather armour of Okawaru's Regard {rPois
                  | Will- Str+3 Dex+2}
 74892 | Crypt:3  | Identified the +1 leather armour of the Thirsty Knaves
                  | {SInv}
 75651 | Crypt:3  | Got Piesoh's Octavo of Misery
 76240 | Crypt:3  | Found a staircase to the Tomb.
 76593 | Crypt:3  | Identified the +5 arbalest "Sieth" {heavy, rElec Will+
                  | Dex+4 Stlth-}
 76675 | Crypt:3  | Identified the ring "Rottuiqi" {rPois rN+ Int-2 Slay+2}
 76675 | Crypt:3  | Identified the ring of Ufoept {rN+ Slay+6}
 76675 | Crypt:3  | Identified the ring of Intercession {Fly rElec rPois rN+
                  | Stlth-}
 76770 | Crypt:3  | Identified the +1 leather armour of the Thistle {rPois}
 77366 | Pan      | Entered Pandemonium
 77366 | Pan      | Noticed Xuikh the pandemonium lord
 77376 | Pan      | HP: 9/207 [Xuikh the pandemonium lord (64)]
 77389 | Pan      | Killed Xuikh the pandemonium lord
 78120 | Pan      | Reached XP level 25. HP: 123/214 MP: 47/47
 78295 | Pan      | Got a demonic rune of Zot
 79299 | Pan      | Noticed Savepsa the pandemonium lord
 79311 | Pan      | Killed Savepsa the pandemonium lord
 80710 | Pan      | Noticed Jonubyuji the pandemonium lord
 80718 | Pan      | Killed Jonubyuji the pandemonium lord
 81836 | Pan      | Noticed a dread lich
 81841 | Pan      | Killed a dread lich
 81842 | Pan      | Reached skill level 15 in Armour
 81870 | Pan      | Found Muhuimod's Superb Hardware.
 81951 | Pan      | Found Muhuimod's Infernal Boutique.
 81978 | Pan      | Noticed Muhuimod the pandemonium lord
 81985 | Pan      | Killed Muhuimod the pandemonium lord
 81997 | Pan      | Found Muhuimod's Quality Elixirs.
 82130 | Pan      | Found Muhuimod's Rarities Stock.
 82146 | Pan      | Bought a potion of heal wounds for 90 gold pieces
 82146 | Pan      | Bought a potion of resistance for 180 gold pieces
 82146 | Pan      | Bought a potion of invisibility for 144 gold pieces
 82146 | Pan      | Bought a potion of magic for 144 gold pieces
 82263 | Pan      | Found an exit through the horrors of the Abyss.
 82889 | Pan      | Took an exit into the Abyss.
 82889 | Abyss:3  | Escaped into the Abyss
 82939 | Depths:2 | Escaped the Abyss
 83247 | Pan      | Entered Pandemonium
 83247 | Pan      | Found an exit through the horrors of the Abyss.
 83879 | Pan      | Reached skill level 10 in Evocations
 83879 | Pan      | Noticed Koot Reca the pandemonium lord
 83886 | Pan      | Killed Koot Reca the pandemonium lord
 84063 | Pan      | Identified the +0 robe of Parlour Games {rN+ Int+3}
 84727 | Pan      | Reached XP level 26. HP: 221/221 MP: 46/47
 84770 | Pan      | Took an exit into the Abyss.
 84770 | Abyss:3  | Escaped into the Abyss
 84941 | Depths:2 | Escaped the Abyss
 85064 | Lair:1   | Upgraded the game from 0.30-a0-639-g3916f1956a to
                  | 0.30-a0-652-gcc886f7154
 85472 | Pan      | Entered Pandemonium
 86159 | Pan      | Found a runed translucent door.
 86671 | Pan      | Reached skill level 10 in Ice Magic
 86891 | Pan      | Noticed Utoeno Ydiy the pandemonium lord
 86903 | Pan      | Killed Utoeno Ydiy the pandemonium lord
 87202 | Pan      | Reached skill level 5 in Transmutations
 87748 | Pan      | Noticed Saon the pandemonium lord
 87755 | Pan      | Reached skill level 15 in Translocations
 87760 | Pan      | Killed Saon the pandemonium lord
 88404 | Pan      | Entered the realm of Lom Lobon.
 88432 | Pan      | Identified the +4 ring mail of the Devil's Advocate {Str+9
                  | Slay-4 SInv}
 89424 | Pan      | Noticed Lom Lobon
 89485 | Pan      | HP: 11/221 [Lom Lobon] (3)]
 89485 | Pan      | HP: 1/221 [Lom Lobon/vortex (12)]
 89485 | Pan      | Killed from afar by Lom Lobon

Illustrated notes

Levels and vault maps discovered:
D:1:      dpeg_arrival_boxorama, layout_rooms
D:2:      layout_basic, basic_altar, serial_shops, shop_statue
D:3:      layout_loops_corners
D:4:      layout_rooms, minivault_25
D:5:      minmay_razor_zed, layout_rooms, minitemple,
          nicolae_concentric_dashed_squares_wild
D:6:      hellmonk_ruined_rings, layout_loops_cross, jmf_multi_god_temple2,
          minmay_temple_entry_large_hall, cheibrodos_sewer_entry_drain,
          enter_ossuary_1, minmay_misc_feat_hallway
D:7:      layout_basic, uniq_pikel, uniq_crazy_yiuf_cottage
D:8:      layout_rooms, ebering_ghost_inner_flame, serial_corexii_hall,
          corexii_hall_statues_x, chequers_hall_statues_wall_a, special_room
          [special_room_orc], kennysheep_generic_room_10
D:9:      layout_small_grid, serial_shops, kennysheep_mini, enter_bailey_4
D:10:     layout_gridville, zombieorc1_lemuel, serial_shops, shop,
          nicolae_trove_entry_diagonal, chequers_serial_rivers_small_3
D:11:     layout_irregular_city, grunt_lair_entry_orc_guard_hut, serial_undead,
          serial_undead_e, serial_undead_c, serial_undead_e, serial_undead_c,
          serial_undead_b, minmay_liquid_box
D:12:     layout_cave_pods, serial_shops, shop, dk_noncrumbling_3
D:13:     layout_gridville, gauntlet_entry_generic, uniq_erolcha, uniq_josephine
D:14:     layout_loops_cross, ximxim_vaults_locker_room
D:15:     gammafunk_depths_entry_grave, layout_basic,
          nicolae_gozag_cash_rules_everything_around_me, serial_ice,
          serial_ice_h, serial_ice_e, serial_ice_k, serial_ice_n,
          portal_ice_cave_entry_ice_statue_two
Temple:   hellmonk_temple_divided_pantheon
Lair:1:   layout_roguey, grunt_megastairs_4
Lair:2:   wad_woods_minihive, layout_cave_pods, st_stairs_5, lemuel_fruit_tree,
          grunt_megastairs_2
Lair:3:   layout_misc_corridors, nicolae_swamp_entry_splash_gauntlet,
          guppyfry_snake_entry_garden, ebering_ghost_funeral_grove
Lair:4:   layout_cave_pods, slime_entry_1, infiniplex_staircase_pool,
          grunt_megastairs_5
Lair:5:   grunt_lair_end_beastmaster, layout_layer_cave,
          small_statue_intersection, minivault_26
Swamp:1:  layout_falls_marsh, nicolae_swamp_orc_logging_accident, uniq_frances,
          uniq_roxanne
Swamp:2:  layout_falls_marsh, evilmike_swamp_ruin_house_3,
          nicolae_swamp_hydra_murder_den
Swamp:3:  layout_falls_marsh, nicolae_swamp_feature_on_the_river_bank,
          swamp_pool4, nicolae_swamp_treefoil
Swamp:4:  swamp_basic_johnstein, layout_basic_swamp, hangedman_swamp_pad
Snake:1:  layout_misc_corridors, nicolae_snake_gridmaze_tees,
          grunt_ministairs_8, nicolae_snake_mages_go_home
Snake:2:  layout_grid_shapes, grunt_megastairs_3
Snake:3:  layout_rooms, basic_altar, nicolae_snake_gridmaze_waves,
          serial_bayou_shore_b
Snake:4:  johnstein_snake_rune_scales, layout_layer_cave,
          gammafunk_ghost_wrathful_warriors, nicolae_shop_firing_range
Orc:1:    layout_caves, nicolae_volcano_entry_batcave, serial_shops,
          nicolae_shop_advertising_works [nicolae_subvault_shop_adworks],
          rock_pile, uniq_sonja
Orc:2:    grunt_orc_community_town_hall, layout_caves,
          grunt_orc_community_big_house_2, grunt_orc_community_big_house_1,
          grunt_orc_community_house_3, grunt_orc_community_house_1,
          grunt_orc_community_house_1, grunt_orc_community_house_3,
          grunt_orc_community_house_1
Elf:1:    elf_arrival_002, layout_gridlike, minivault_28
Elf:2:    nicolae_elf_blades_splatter_lattice
          [nicolae_blade_entry_floor_patterns], layout_geoelf_diagonals
Elf:3:    grunt_elf_hall_branching, layout_geoelf_castle,
          ebering_ghost_rock_garden, nicolae_shop_clearance
Vaults:1: nicolae_vaults_angled_halls, vaults_room_ringed_pool,
          hangedman_vaults_impose, vaults_dpeg_encased_lava, grunt_vaults_focal,
          vaults_dpeg_diagonal, v_misc_9, nicolae_vaults_diagonal_hallway_6,
          nicolae_vaults_asterisk, v_misc_4, layout_vaults_big_room
Vaults:2: nicolae_vaults_ring_of_whatevers, serial_ice_g, v_misc_24,
          vaults_room_semicircle, minmay_crypt_entry_skeletal_spiral,
          nicolae_vaults_little_squares_5, vaults_room_fours,
          layout_vaults_omnigrid, uniq_nikola
Vaults:3: nicolae_vaults_diagonal_hallway_6, nicolae_vaults_border_crossing,
          st_octagons_1, v_alt_pattern_4, nicolae_vaults_what_the_h,
          vaults_room_pools, hangedman_vaults_maws, nicolae_vaults_theta,
          nicolae_vaults_little_squares_3, hangedman_vaults_cutoff,
          vaults_mumra_chevron_long, vaults_mumra_chevron,
          layout_vaults_omnibox, uniq_donald
Vaults:4: ontoclasm_vaults_hangar, vaults_room_glass_cross,
          hangedman_vaults_pinch, nicolae_vaults_network_barrier,
          nicolae_vaults_big_angled_halls, hangedman_vaults_river_flow,
          vaults_room_boxed, nicolae_vaults_little_ls, vaults_mumra_hex,
          v_pattern_1, vaults_room_door_ring, ontoclasm_vaults_loading_screen,
          layout_vaults_omnicross, uniq_jory
Vaults:5
Crypt:1:  layout_misc_corridors, corexii_hall_statues_u, uniq_vv, uniq_mennas
Crypt:2:  layout_basic, grunt_ministairs_9, st_stairs_11,
          lemuel_mausoleum_altar_yredelemnul
Crypt:3:  due_elkab, layout_chaotic_city, tomb_entry_forgotten_bobbens,
          lightli_enter_wizlab_magi_temple, st_stairs_9,
          nrook_guardian_serpent_ordinary, uniq_margery, uniq_sojobo
Depths:1: layout_basic, hell_entry, abyss_entry_flame_altar,
          fedhas_altar_fruit_tree, minmay_shop_grove, uniq_enchantress
Depths:2: kennysheep_large_vault, layout_basic, hell_entry, pan_entry,
          small_statue_intersection, serial_shops, kennysheep_mini_moat,
          nicolae_stop_n_shop_2, nicolae_stop_n_shop_1, nicolae_shop_crystal
Depths:3: nooodl_heptagram, layout_honeycomb, grunt_pan_entry_zigzag,
          hell_entry, abyss_entry, hangedman_abyss_or_decor_passed,
          guppyfry_shop_venom
Depths:4: grunt_zot_entry_gee_three, layout_long_grid, enter_ziggurat_d,
          hell_entry
Pan:      lemuel_hellion_island, layout_rooms, pan_blood_fountain,
          grunt_pan_pentagram, layout_stronghold, grunt_pan_zigzag,
          layout_pan_divisions_a [pan_division_quadrant_a3,
          pan_division_quadrant_a3, pan_division_quadrant_a2,
          pan_division_quadrant_a5, pan_division_octagon_empty],
          nicolae_pan_lom_lobonic_3, nicolae_pan_bazaar_rune, layout_basic,
          grunt_pan_pentagram, layout_chambers, rand_demon_9, layout_onion_city,
          pan_blood_fountain_small, grunt_pan_in_and_out, layout_onion_city,
          pan_blood_fountain_small, lom_lobon_st, layout_chambers

Skill      XL: |  1  2  3  4  5  6  7  8  9 10 11 12 13 14 15 16 17 18 19 20 21 22 23 24 25 26 |
---------------+-------------------------------------------------------------------------------+-----
Fighting       | 2 3 4 5 6 7 8 10 12 14 15 17 19 20 22 | 22.0
Ranged Weapons | 4 5 6 8 10 11 12 14 16 17 18 | 18.0
Dodging        | 2 5 6 8 9 10 12 14 15 16 17 18 20 22 | 22.0
Stealth        | 2 3 4 5 6 7 |  7.0
Spellcasting   | 1 2 3 5 6 10 12 14 | 14.1
Translocations | 2 3 4 8 9 11 14 16 | 16.0
Shields        | 4 5 |  5.0
Transmutations | 1 2 5 |  5.0
Earth Magic    | 1 2 |  2.0
Armour         | 3 7 10 15 | 15.0
Hexes          | 3 |  3.0
Long Blades    | 6 14 | 14.0
Ice Magic      | 2 5 6 7 10 | 10.0
Evocations     | 5 10 | 10.0

Action                   |  1- 3 |  4- 6 |  7- 9 | 10-12 | 13-15 | 16-18 | 19-21 | 22-24 | 25-27 || total
-------------------------+-------+-------+-------+-------+-------+-------+-------+-------+-------++-------
Melee: Dagger            |       |       |    14 |       |       |       |       |       |       ||    14
       Punch             |       |       |     1 |       |       |       |     1 |    11 |     3 ||    16
       Trident           |       |       |       |    20 |       |       |       |       |       ||    20
       Scimitar          |       |       |       |       |       |       |    21 |       |       ||    21
       Demon blade       |       |       |       |       |       |       |    74 |   331 |   193 ||   598
       Eudemon blade     |       |       |       |       |       |       |       |   358 |   102 ||   460
 Fire: Shortbow          |   112 |   175 |   518 |    30 |       |       |       |       |       ||   835
       Sling             |       |       |       |  1052 |  1824 |       |       |       |       ||  2876
       Longbow           |       |       |       |       |    29 |   871 |     2 |       |       ||   902
       Arbalest          |       |       |       |       |       |   187 |  1126 |   943 |   796 ||  3052
 Cast: Blink             |       |       |       |     2 |       |       |       |       |       ||     2
       Passwall          |       |       |       |     3 |       |     3 |       |       |       ||     6
       Manifold Assault  |       |       |       |       |       |       |    23 |   119 |    76 ||   218
       Ozocubu's Armour  |       |       |       |       |       |       |       |    30 |    97 ||   127
Evoke: Wand              |       |       |     1 |       |       |     1 |       |       |       ||     2
  Use: Scroll            |       |     5 |     9 |    11 |    13 |     9 |     5 |     4 |     4 ||    60
       Potion            |       |       |     2 |     3 |     9 |     5 |     2 |    16 |    12 ||    49
 Stab: Sleeping          |       |       |       |       |       |       |       |     2 |       ||     2
       Distracted        |       |       |       |       |       |       |       |     4 |     1 ||     5
Armor: Leather armour    |     6 |    28 |    44 |    83 |    76 |    29 |    35 |    80 |    42 ||   423
       Acid dragon scale |       |       |       |       |       |       |       |       |    29 ||    29
       Skin              |       |       |       |       |       |       |       |       |     3 ||     3
Dodge: Dodged            |    32 |    85 |   298 |   643 |   747 |   479 |   723 |  1199 |   615 ||  4821
Block: Buckler           |       |       |       |    95 |   437 |       |       |       |       ||   532
       Reflection        |       |       |       |       |    28 |       |       |       |       ||    28

Table legend: (Time is in decaauts)
 A = Elapsed time spent in this place.
 B = Non-inter-level travel time spent in this place.
 C = Inter-level travel time spent in this place.
 D = Time resting spent in this place.
 E = Time spent auto-exploring this place.
 F = Levels seen in this place.
 G = Mean time per level.
                   A        B        C        D        E       F      G
               +--------+--------+--------+--------+--------+-----+--------+
         Total |  89786 |  63406 |  26380 |  10489 |  24163 |  65 | 1381.3 |
       Dungeon |  23544 |  11808 |  11736 |    872 |   6505 |  15 | 1569.6 |
        Temple |    127 |    109 |     18 |      0 |      0 |   1 |  127.0 |
          Lair |  10367 |   7402 |   2965 |   1079 |   3331 |   5 | 2073.4 |
         Swamp |   3993 |   3402 |    591 |    571 |   1727 |   4 |  998.2 |
     Snake Pit |   6233 |   4803 |   1430 |    976 |   1728 |   4 | 1558.2 |
  Orcish Mines |   2520 |   1767 |    753 |    410 |    632 |   2 | 1260.0 |
   Elven Halls |   4995 |   3678 |   1317 |    151 |    458 |   3 | 1665.0 |
        Vaults |  13469 |   8494 |   4975 |   2370 |   3145 |   5 | 2693.8 |
         Crypt |   4002 |   3268 |    734 |    640 |   1359 |   3 | 1334.0 |
        Depths |   6931 |   5073 |   1858 |    657 |   2331 |   4 | 1732.8 |
         Abyss |    541 |    541 |      0 |     10 |     68 |   4 |  135.2 |
   Pandemonium |  11060 |  11060 |      0 |   2572 |   2776 |   8 | 1382.5 |
         Trove |     47 |     47 |      0 |      0 |      0 |   1 |   47.0 |
         Sewer |    283 |    283 |      0 |      0 |      0 |   1 |  283.0 |
       Ossuary |    275 |    275 |      0 |      0 |     26 |   1 |  275.0 |
        Bailey |    231 |    231 |      0 |     34 |     30 |   1 |  231.0 |
      Ice Cave |    251 |    251 |      0 |    100 |      0 |   1 |  251.0 |
       Volcano |    437 |    437 |      0 |      3 |      0 |   1 |  437.0 |
      Gauntlet |    471 |    471 |      0 |     40 |     44 |   1 |  471.0 |
               +--------+--------+--------+--------+--------+-----+--------+

Top non-repeatable levels by time:
    D:11: 4051 daAuts
    D:14: 3985 daAuts
Vaults:2: 3482 daAuts
Vaults:4: 3256 daAuts
  Lair:1: 2638 daAuts
  Lair:2: 2427 daAuts
Vaults:1: 2397 daAuts
Depths:2: 2389 daAuts
Vaults:3: 2241 daAuts
 Snake:4: 2198 daAuts
Vaults:5: 2091 daAuts
   Elf:3: 2084 daAuts
  Lair:5: 2070 daAuts
    D:10: 1948 daAuts
  Lair:3: 1927 daAuts
